 Dungeon Crawl Stone Soup version 0.28-a0-1184-g53156a8862 (webtiles) character file.

Game seed: 15940852098275756039

144 ytrimaz the Insei (level 5, -3/34 HPs)
             Began as an Octopode Transmuter on Dec 18, 2021.
             Slain by a gnoll (10 damage)
             ... on level 3 of the Dungeon.
             The game lasted 00:01:57 (3206 turns).

ytrimaz the Insei (Octopode Transmuter)             Turns: 3206, Time: 00:01:58

Health: -3/34      AC:  2    Str:  9    XL:     5   Next: 26%
Magic:  4/9        EV: 19    Int: 18    God:
Gold:   102        SH:  0    Dex: 17    Spells: 4/10 levels left

rFire   . . .      SeeInvis .     - Unarmed
rCold   . . .      Faith    .   (shield currently unavailable)
rNeg    . . .      Spirit   .   (helmet currently unavailable)
rPois   x          Reflect  .   (no amulet)
rElec   .          Harm     .   (no ring)
rCorr   .          Rampage  .   (no ring)
Will    .....                   (no ring)
Stlth   ++........              (no ring)
HPRegen 0.11/turn               (no ring)
MPRegen 0.11/turn               (no ring)
                                (no ring)
                                (no ring)

@: spider-form (expiring), wereblooded
A: venomous fangs, almost no armour, (amphibious), 8 rings, tiny, (camouflage
1), (gelatinous body 1), (nimble swimmer 1), (tentacles)
a: End Transformation


You were on level 3 of the Dungeon.
You were a venomous arachnid creature.
You visited 1 branch of the dungeon, and saw 3 of its levels.

You collected 102 gold pieces.

Inventory:

Armour
 e - a +0 hat (melded)
Wands
 d - a wand of flame (15)
Potions
 b - a potion of cancellation
 c - a potion of heal wounds
 f - 2 potions of attraction


   Skills:
 * Level 1.9 Fighting
 * Level 2.5 Dodging
 + Level 3.5 Unarmed Combat
 * Level 3.0 Spellcasting
 * Level 3.3 Transmutations


You had 4 spell levels left.
You knew the following spells:

 Your Spells              Type           Power      Damage    Failure   Level
a - Beastly Appendage     Tmut           28%        N/A       13%         1
b - Wereblood             Tmut           14%        N/A       17%         2
c - Spider Form           Tmut/Pois      8%         N/A       45%         3

Your spell library contained the following spells:

 Spells                   Type           Power      Damage    Failure   Level
 Dazzling Flash           Conj/Hex       4%         N/A       65%         3
 Ice Form                 Ice/Tmut       8%         N/A       82%         4
 Agony                    Necr           2%         N/A       100%        5
 Silence                  Hex/Air        1%         N/A       100%        5


Dungeon Overview and Level Annotations

Branches:
Dungeon (3/15)

Altars:

Shops:
D:1 [


Innate Abilities, Weirdness & Mutations

You are a venomous arachnid creature.
You have poisonous fangs.
You are tiny and dextrous.
Your spellcasting is less reliable in this form.
Your armour is entirely melded.
You are incapable of wielding weapons or throwing items.
You cannot wear most types of armour.
((You are amphibious.))
You can wear up to eight rings at the same time.
((Your skin changes colour to match your surroundings (Stealth+).))
((Your rubbery body absorbs attacks. (AC +1, EV +1)))
((You are camouflaged near water. (Stealth+)))
((You have tentacles for arms and can constrict up to eight enemies at once.))


Message History

The gnoll hits you with a +0 halberd!
The gnoll hits you with a +2 flail of draining.
You feel drained.
You hit the gnoll.
The gnoll is poisoned.
The gnoll is moderately wounded.
Your transformation is almost over.
The gnoll misses you. x2
Unknown command.
You hiss as the wereblood boils in your veins!
The gnoll closely misses you.
You hit the gnoll.
The gnoll is almost dead.
The gnoll misses you. The gnoll closely misses you.
You are too injured to fight recklessly!
You barely miss the gnoll.
The gnoll is almost dead.
The gnoll completely misses you. The gnoll misses you.
You are too injured to fight recklessly!
You are too injured to fight recklessly!
You hit the gnoll.
You feel a bit better.
You kill the gnoll!
You hiss as the wereblood boils in your veins!
The gnoll completely misses you.
Your life force feels restored.
You are too injured to fight recklessly!
The gnoll barely misses you. The gnoll closely misses you.
Things that are here:
a +2 flail of draining; a gnoll corpse Unknown command.
You hit the gnoll.
The gnoll is moderately wounded.
The gnoll hits you with a +0 club! The gnoll barely misses you.
Unknown command.
You hit the gnoll.
The gnoll looks as sick as possible!
The gnoll is almost dead.
You hiss as the wereblood boils in your veins!
The gnoll hits you with a +0 club.
* * * LOW HITPOINT WARNING * * *
The gnoll hits you with a +0 halberd!
You die...

###### ......# .......##
### ........# #.########
........# #######.#......>
........###....##.#.######
...........>##....#.#
..<.....#########...######
.........sg.# #.........
..########g....##...######
. #....##...# ....##...#
...##...# ....#...#
.......# ..#. ##


You could see 2 gnolls.

Vanquished Creatures
  Jessica (D:2)
  Natasha (twice) (D:2)
  2 gnolls (D:3)
  2 adders (D:2)
  A dart slug (D:2)
  6 bats
  3 endoplasms
  2 giant cockroaches
  2 goblins
  2 hobgoblins
  2 jackals (D:2)
  3 kobolds
  A quokka (D:2)
  A ball python (D:1)
  2 frilled lizards (D:1)
  2 rats
34 creatures vanquished.

Notes
Turn   | Place    | Note
-------+----------+-------------------------------------------
     0 | D:1      | ytrimaz the Octopode Transmuter began the quest for the
                  | Orb.
     0 | D:1      | Reached XP level 1. HP: 13/13 MP: 3/3
   366 | D:1      | Reached XP level 2. HP: 3/18 MP: 5/5
   636 | D:1      | Learned a level 2 spell: Wereblood
   909 | D:1      | Found Zoyveot's Armour Emporium.
  1003 | D:2      | Reached XP level 3. HP: 11/23 MP: 4/6
  1628 | D:2      | Noticed Jessica
  1637 | D:2      | Killed Jessica
  1638 | D:2      | Reached XP level 4. HP: 14/28 MP: 5/8
  1989 | D:2      | Found a faded altar of an unknown god.
  1996 | D:2      | Noticed Natasha
  2002 | D:2      | Killed Natasha
  2012 | D:2      | Learned a level 3 spell: Spider Form
  2414 | D:2      | Noticed Natasha
  2421 | D:2      | Killed Natasha
  2422 | D:2      | Reached XP level 5. HP: 7/34 MP: 5/9
  3206 | D:3      | Slain by a gnoll

Illustrated notes

Levels and vault maps discovered:
D:1:      dpeg_arrival_simpleton_c, layout_rooms, serial_shops,
          nicolae_shop_behind_doors
D:2:      layout_loops_corners, ebering_ecumenical_altar_mist, serial_aquarium,
          aquarium_bridge_straight [aquarium_subvault_bridge,
          aquarium_subvault_wall, aquarium_subvault_bridge,
          aquarium_subvault_window], aquarium_window_corner,
          aquarium_window_corridor_3, aquarium_window_2, aquarium_view_2a,
          aquarium_view_2d, uniq_natasha, uniq_jessica, uniq_crazy_yiuf_cottage
D:3:      minmay_chambers_of_twos, layout_rooms, jmf_multi_god_temple2,
          ebering_dispersal_statue_hall, nrook_mini_backslash

Skill      XL: |  1  2  3  4 |
---------------+-------------+-----
Spellcasting   | 3 |  3.0
Transmutations | 3 |  3.3
Fighting       | |  1.9
Dodging        | |  2.5
Unarmed Combat | |  3.5

Action                   |  1- 3 |  4- 6 || total
-------------------------+-------+-------++-------
Melee: Unarmed           |    57 |    29 ||    86
       Constrict         |    13 |     3 ||    16
       Kick              |    11 |     2 ||    13
       Tentacles         |     5 |     4 ||     9
       Punch             |     1 |       ||     1
 Cast: Beastly Appendage |    16 |    13 ||    29
       Spider Form       |       |     2 ||     2
       Wereblood         |       |     1 ||     1
  Use: Scroll            |     2 |     3 ||     5
       Potion            |     1 |       ||     1
 Stab: Sleeping          |     4 |     1 ||     5
Armor: Skin              |     3 |     8 ||    11
Dodge: Dodged            |    39 |    38 ||    77

Table legend: (Time is in decaauts)
 A = Elapsed time spent in this place.
 B = Non-inter-level travel time spent in this place.
 C = Inter-level travel time spent in this place.
 D = Time resting spent in this place.
 E = Time spent auto-exploring this place.
 F = Levels seen in this place.
 G = Mean time per level.
                   A        B        C        D        E       F      G
               +--------+--------+--------+--------+--------+-----+--------+
         Total |   3200 |   3017 |    183 |      0 |   2676 |   3 | 1066.7 |
       Dungeon |   3200 |   3017 |    183 |      0 |   2676 |   3 | 1066.7 |
               +--------+--------+--------+--------+--------+-----+--------+

Top non-repeatable levels by time:
     D:2: 1964 daAuts
     D:1: 975 daAuts
     D:3: 260 daAuts
